 Dungeon Crawl Stone Soup version 0.28.0-53-g5a82cb258f (webtiles) character file.

Game seed: 1950760009275087167

3647 tizbic2 the Covert (level 10, 0/141 HPs)
             Began as a Naga Berserker on July 31, 2022.
             Was an Elder of Trog.
             Slain by an orc
             ... wielding a +0 morningstar
              (4 damage)
             ... on level 8 of the Dungeon on Aug 1, 2022.
             The game lasted 00:42:40 (7006 turns).

tizbic2 the Covert (Naga Berserker)                 Turns: 7006, Time: 00:42:40

Health: 0/141      AC: 10    Str: 20    XL:     10   Next: 12%
Magic:  0/10       EV:  9    Int: 17    God:    Trog [****..]
Gold:   243        SH:  0    Dex: 15    Spells: 9/9 levels left

rFire   . . .      SeeInvis +   a - +7 hand axe of Anguish {venom, rC- Int+4}
rCold   x . .      Faith    .   (no shield)
rNeg    . . .      Spirit   +   A - +2 ring mail
rPois   +          Reflect  .   h - +0 helmet
rElec   .          Harm     .   c - +0 cloak
rCorr   .          Rampage  .   (no gloves)
Will    +++..                   (no barding)
Stlth   ..........              F - amulet of guardian spirit
HPRegen 2.13/turn               g - +6 ring of intelligence
MPRegen 0.12/turn               (no ring)

@: berserking (expiring), strong-willed, regenerating, quick
A: AC +3, large, see invisible, deformed body, poison resistance, slowness 2,
spit poison 1, naga tail 1, stinger 1, regeneration 1, subdued magic 1
a: Spit Poison, Renounce Religion, Berserk, Trog's Hand, Brothers in Arms


You were on level 8 of the Dungeon.
You worshipped Trog.
Trog was greatly pleased with you.
You visited 2 branches of the dungeon, and saw 9 of its levels.
You also visited: Sewer.

You collected 243 gold pieces.

Inventory:

Hand Weapons
 a - the +7 hand axe of Anguish (weapon) {venom, rC- Int+4}
   (You found it on level 7 of the Dungeon)

   It poisons the flesh of those it strikes.
   Int:       It affects your intelligence (+4).
   rC:        It makes you vulnerable to cold.
 b - a +0 shortbow
 d - a +2 whip of electrocution
 w - a +2 dagger of venom
 C - a +0 falchion
 I - a +0 war axe of flaming
Missiles
 e - 155 stones
 q - 20 poisoned darts
 r - a curare-tipped dart
 E - 72 arrows
 G - 3 atropa-tipped darts
 K - 2 throwing nets
Armour
 c - a +0 cloak (worn)
 f - a scarf of shadows
 h - a +0 helmet (worn)
 A - a +2 ring mail (worn)
Jewellery
 g - a +6 ring of intelligence (left hand)
 j - the ring "Iximm" {Will+ Str+4 Int+4 Slay-6}
   (You found it on level 3 of the Dungeon)

   [ring of willpower]

   Str:       It affects your strength (+4).
   Int:       It affects your intelligence (+4).
   Slay:      It affects your accuracy & damage with ranged weapons and melee
   (-6).
   Will:      It increases your willpower.
 y - a ring of fire
 B - a ring of ice
 F - an amulet of guardian spirit (around neck)
Wands
 i - a wand of iceblast (19)
Scrolls
 k - 4 scrolls of teleportation
 l - a scroll of torment
 n - 3 scrolls of amnesia
 p - 5 scrolls of immolation
 J - 2 scrolls of holy word
Potions
 m - 2 potions of heal wounds
 o - 3 potions of haste
 s - 2 potions of cancellation {unknown}
 t - 2 potions of might {unknown}
 u - a potion of mutation
 v - a potion of magic {unknown}
 x - 3 potions of invisibility {unknown}
 z - 3 potions of lignification {unknown}
 D - a potion of degeneration {unknown}
 H - a potion of berserk rage {unknown}


   Skills:
 + Level 7.2 Fighting
 * Level 7.7 Short Blades
 + Level 2.2 Axes
 - Level 3.5 Armour
 - Level 1.5 Dodging
 * Level 14.1 Stealth


You had 9 spell levels left.
You didn't know any spells.
Your spell library was empty.

Dungeon Overview and Level Annotations

Branches:
Dungeon (8/15)             Temple (1/1) D:5           Sewer (visited)
   Lair: D:8-11

Altars:
Ashenzari
Cheibriados
Dithmenos
Elyvilon
Fedhas
Gozag
Hepliaklqana
Kikubaaqudgha
Makhleb
Nemelex Xobeh
Okawaru
Qazlal
Ru
Sif Muna
Trog
Uskayaw
Vehumet
Wu Jian
Xom
Yredelemnul
Zin
The Shining One


Innate Abilities, Weirdness & Mutations

Your serpentine skin is tough. (AC +3)
You have supernaturally acute eyesight. (SInv)
Armour fits poorly on your strangely shaped body.
Your system is resistant to poisons. (rPois)
You cover ground very slowly.
You can spit poison.
You have a snake-like lower body.
Your tail ends in a venomous barb.
Your natural rate of healing is unusually fast.
Your spells are a little easier to cast, but a little less powerful.


Message History

* * * LOW HITPOINT WARNING * * *
The water moccasin closely misses you.
You slash the water moccasin!
The water moccasin is heavily wounded.
You feel sick.
The water moccasin bites you but does no damage.
The orc warrior hits you from afar with a +0 glaive!
* * * LOW HITPOINT WARNING * * *
You feel sick.
You feel a strong urge to attack something.
You feel sick.
You slash the water moccasin!
The water moccasin is almost dead.
You feel sick.
You are no longer poisoned.
The water moccasin bites you but does no damage.
The water moccasin barely misses you.
You slash the water moccasin!
You kill the water moccasin!
Trog accepts your kill. The orc warrior closely misses you.
The orc warrior misses you.
You hit the orc warrior.
The orc warrior is poisoned.
The orc warrior is moderately wounded.
You hit the orc. The orc closely misses you.
The orc warrior hits you with a +0 glaive!!
* * * LOW HITPOINT WARNING * * *
You hit the orc warrior.
The orc warrior looks as sick as possible!
The orc warrior is heavily wounded.
You hit the orc but do no damage.
The orc is poisoned.
You closely miss the orc. The orc barely misses you.
The orc completely misses you.
The orc warrior hits you with a +0 glaive!
* * * LOW HITPOINT WARNING * * *
You completely miss the orc warrior.
The orc warrior is heavily wounded.
You barely miss the orc. You closely miss the orc. The orc misses you.
The orc hits you with a +0 morningstar.
You die... ##.......P.♣P.. .P=..P #.............. .P.... #........#..... .....o #........#... l.... #..........
SPo

#......#†# S
#.....†'.#
##....oo### ?
#....†o@# #.
#.......# #+
#.......#
#.......#
#.......###
o.h#
#.........#
.o...
####.......#.#
.....
#........#.#.#
#... ..
####.......#.#
... ...


You could see an orc warrior (extremely poisoned) and 2 orcs.

Vanquished Creatures
  Maggie (D:6)
  Prince Ribbit (D:6)
  2 wyverns
  2 water moccasins (D:8)
  A black bear (D:4)
  2 sky beasts
  3 wolves
  2 centaurs (D:6)
  3 phantoms
  4 kobold brigands (Sewer)
  3 bullfrogs
  5 wights (D:6)
  3 centaur zombies
  3 hounds
  3 gnoll shamans
  3 jellies
  3 orc priests
  2 bullfrog skeletons
  3 orc wizards
  3 iguanas
  A scorpion zombie (D:5)
  20 gnolls
  5 adders
  A howler monkey skeleton (D:7)
  A river rat (D:3)
  2 shadow imps (D:7)
  3 white imps
  An ufetubus (D:7)
  An adder skeleton (D:4)
  2 worms (D:5)
  2 dart slugs
  8 orcs
  8 ball pythons
  7 endoplasms
  6 giant cockroaches
  6 goblins
  4 hobgoblins
  3 jackals (D:4)
  4 quokkas
  4 bats
  3 frilled lizards
  19 kobolds
  6 rats
169 creatures vanquished.

Vanquished Creatures (others)
  A fungus (D:8)
  18 plants (D:8)
19 creatures vanquished.

Grand Total: 188 creatures vanquished

Notes
Turn   | Place    | Note
-------+----------+-------------------------------------------
     0 | D:1      | tizbic2 the Naga Berserker began the quest for the Orb.
     0 | D:1      | Reached XP level 1. HP: 21/21 MP: 1/1
   134 | D:1      | Reached skill level 1 in Stealth
   242 | D:1      | Reached XP level 2. HP: 28/28 MP: 2/2
   247 | D:1      | Reached skill level 2 in Stealth
   580 | D:1      | Found a faded altar of an unknown god.
   775 | D:1      | Reached XP level 3. HP: 18/34 MP: 3/3
  1277 | D:2      | Reached skill level 3 in Stealth
  1551 | D:2      | Gained mutation: Your spells are a little harder to cast,
                  | but a little more powerful. [potion of mutation]
  1551 | D:2      | Gained mutation: You occasionally shout uncontrollably at
                  | your foes. [potion of mutation]
  1551 | D:2      | HP: 1/34 [poisoned by a kobold]
  1553 | D:2      | Lost mutation: Your spells are a little harder to cast, but
                  | a little more powerful. [potion of mutation]
  1553 | D:2      | Lost mutation: You occasionally shout uncontrollably at
                  | your foes. [potion of mutation]
  1553 | D:2      | Gained mutation: Your spells are a little easier to cast,
                  | but a little less powerful. [potion of mutation]
  1553 | D:2      | Gained mutation: Your natural rate of healing is unusually
                  | fast. [potion of mutation]
  1553 | D:2      | Gained mutation: Your tail ends in a venomous barb. [potion
                  | of mutation]
  1717 | D:2      | Reached XP level 4. HP: 42/42 MP: 4/4
  1723 | D:2      | Reached ** piety under Trog
  1724 | D:2      | Reached skill level 4 in Stealth
  2239 | D:3      | Found a glowing drain.
  2243 | Sewer    | Entered a sewer
  2328 | Sewer    | Noticed a kobold brigand
  2328 | Sewer    | Noticed a kobold brigand
  2333 | Sewer    | Killed a kobold brigand
  2334 | Sewer    | Reached skill level 5 in Stealth
  2334 | Sewer    | Reached XP level 5. HP: 47/50 MP: 5/5
  2341 | Sewer    | Killed a kobold brigand
  2342 | Sewer    | Reached skill level 6 in Stealth
  2342 | Sewer    | Reached XP level 6. HP: 33/57 MP: 6/6
  2555 | Sewer    | Reached skill level 7 in Stealth
  2962 | D:3      | Found a bloodstained altar of Trog.
  3057 | D:3      | Identified the ring "Iximm" {Will+ Str+4 Int+4 Slay-6}
  3239 | D:4      | Reached XP level 7. HP: 65/66 MP: 7/7
  3386 | D:4      | Reached skill level 8 in Stealth
  3719 | D:4      | Reached *** piety under Trog
  3733 | D:4      | Reached skill level 5 in Fighting
  3769 | D:4      | Reached skill level 5 in Short Blades
  3769 | D:4      | Reached skill level 9 in Stealth
  4048 | D:5      | Entered Level 5 of the Dungeon
  4066 | D:5      | Found a staircase to the Ecumenical Temple.
  4081 | D:4      | Reached XP level 8. HP: 69/74 MP: 4/8
  4429 | D:5      | Reached skill level 10 in Stealth
  4762 | Temple   | Entered the Ecumenical Temple
  5181 | D:6      | Reached skill level 11 in Stealth
  5430 | D:6      | Noticed Prince Ribbit
  5437 | D:6      | Killed Prince Ribbit
  5438 | D:6      | Reached skill level 12 in Stealth
  5438 | D:6      | Reached XP level 9. HP: 74/82 MP: 9/9
  5549 | D:6      | Reached **** piety under Trog
  5925 | D:6      | Noticed Maggie
  5957 | D:6      | Killed Maggie
  6246 | D:7      | Identified the +7 hand axe of Anguish {venom, rC- Int+4}
  6393 | D:7      | Reached skill level 13 in Stealth
  6803 | D:7      | Reached skill level 1 in Axes
  6978 | D:8      | Reached XP level 10. HP: 59/94 MP: 4/10
  6990 | D:8      | Reached skill level 14 in Stealth
  7005 | D:8      | HP: 2/141 [orc warrior/+0 glaive (13)]
  7006 | D:8      | Slain by an orc

Illustrated notes

Levels and vault maps discovered:
D:1:      lightli_arrival_windingriver, layout_basic,
          hellmonk_ecumenical_altar_crossroads, chequers_avenue
D:2:      layout_basic, kennysheep_generic_room_5
D:3:      layout_rooms, trog_butcher_becter, gup_sewer_entry_bowl,
          skrybe_limestone_x
D:4:      layout_basic
D:5:      layout_basic, minmay_temple_entry_stoned_glass
D:6:      layout_layer_cave, columned_hall_lemuel, uniq_prince_ribbit1,
          uniq_maggie
D:7:      layout_gridville, grunt_ministairs_12
D:8:      layout_basic, minmay_lair_entry_grove,
          nicolae_concentric_dashed_squares_mild
Temple:   mainiacjoe_temple_circle_huts

Skill      XL: |  1  2  3  4  5  6  7  8  9 10 |
---------------+-------------------------------+-----
Stealth        | 1 2 3 5 6 7 9 12 13 14 | 14.1
Fighting       | 4 5 6 7 |  7.2
Short Blades   | 4 5 6 7 |  7.7
Armour         | 2 3 |  3.5
Axes           | 1 2 |  2.2
Dodging        | |  1.5

Action                   |  1- 3 |  4- 6 |  7- 9 | 10-12 || total
-------------------------+-------+-------+-------+-------++-------
Melee: Short sword       |    24 |       |       |       ||    24
       Dagger            |    61 |    98 |   226 |       ||   385
       Punch             |     1 |     1 |     9 |       ||    11
       Whip              |       |       |    36 |       ||    36
       Hand axe          |       |       |    79 |    22 ||   101
       Falchion          |       |       |     5 |       ||     5
 Fire: Shortbow          |       |       |     4 |       ||     4
Throw: Stone             |       |       |     8 |       ||     8
       Dart              |       |       |     1 |       ||     1
Invok: Berserk           |     2 |     1 |     2 |     1 ||     6
       Trog's Hand       |       |       |     2 |     1 ||     3
 Abil: Spit Poison       |    30 |    10 |     7 |     1 ||    48
  Use: Potion            |     3 |       |     3 |       ||     6
       Scroll            |     1 |     2 |    12 |       ||    15
 Stab: Sleeping          |     3 |    15 |    10 |       ||    28
       Distracted        |       |       |     1 |       ||     1
Armor: Animal skin       |     6 |    20 |       |       ||    26
       Ring mail         |       |     2 |   196 |    22 ||   220
Dodge: Dodged            |    49 |    48 |   206 |    24 ||   327
